 Seeded DCSS version 0.30-a0-779-g7971cf19c3 (webtiles) character file.

Game seed: 5430720872467839093 (custom seed)

191 valliere the Sneak (level 5, 0/34 HPs)
             Began as an Octopode Air Elementalist on Feb 17, 2023.
             Slain by a hobgoblin (2 damage)
             ... on level 2 of the Dungeon.
             The game lasted 00:07:47 (2008 turns).

valliere the Sneak (Octopode Air Elementalist)      Turns: 2008, Time: 00:07:48

Health: 0/34       AC:  1    Str: 13    XL:     5   Next: 70%
Magic:  3/8        EV: 14    Int: 20    God:
Gold:   454        SH:  0    Dex: 15    Spells: 8/9 levels left

rFire   . . .      SeeInvis .    m - +10 rapier "Gerom" {vamp, Dex+3}
rCold   + . .      Faith    .    (no shield)
rNeg    . . .      Spirit   .    (helmet restricted)
rPois   .          Reflect  .    (no amulet)
rElec   .          Harm     .    j - +6 ring of strength
rCorr   .          Rampage  .    l - ring of protection from cold
Will    .....                    (no ring)
Stlth   +++++                    (no ring)
HPRegen 0.25/turn                (no ring)
MPRegen 0.11/turn                (no ring)
                                 (no ring)
                                 (no ring)

@: no status effects
A: almost no armour, amphibious, 8 rings, camouflage 2, gelatinous body 1,
(nimble swimmer 1), tentacles, sense surroundings 1, robust 1
a: no special abilities


You were on level 2 of the Dungeon.
You visited 1 branch of the dungeon, and saw 3 of its levels.

You collected 832 gold pieces.
You spent 378 gold pieces at shops.

Inventory:

Hand Weapons
 b - a +0 short sword
 m - the +10 rapier "Gerom" (weapon) {vamp, Dex+3}
   (You acquired it on level 2 of the Dungeon)

   Dex:       It affects your dexterity (+3).
 p - the +9 hand crossbow of Pathra {freeze, rC++ Str+2}
   (You acquired it on level 2 of the Dungeon)

   Str:       It affects your strength (+2).
   rC:        It greatly protects you from cold.
Jewellery
 j - a +6 ring of strength (left tentacle)
 l - a ring of protection from cold (right tentacle)
Scrolls
 c - a scroll of torment {unknown}
 d - 4 scrolls of amnesia
 e - 2 scrolls of identify
 f - a scroll of noise {unknown}
 i - a scroll of teleportation {unknown}
 k - a scroll of brand weapon {unknown}
 n - a scroll of fog {unknown}
 o - a scroll of immolation {unknown}
 q - 2 scrolls of enchant armour
 r - a scroll of fear
 s - a scroll of blinking
Potions
 a - a potion of magic
 g - a potion of attraction {unknown}
 h - 2 potions of curing


   Skills:
 * Level 1.9 Short Blades
 + Level 2.7 Dodging
 * Level 4.6 Stealth
 + Level 2.6 Spellcasting
 - Level 1.4 Conjurations
 + Level 1.2 Transmutations
 + Level 3.6 Air Magic


You had 8 spell levels left.
You knew the following spells:

 Your Spells              Type           Power      Damage    Failure   Level
a - Shock                 Conj/Air       52%        1d6       4%          1

Your spell library contained the following spells:

 Spells                   Type           Power      Damage    Failure   Level
 Static Discharge         Conj/Air       26%        2-4/arc   8%          2
 Swiftness                Air            17%        N/A       10%         3
 Poisonous Vapours        Pois/Air       20%        N/A       11%         2
 Cigotuvi's Dreadful Rot  Necr/Pois/Air  14%        N/A       14%         2
 Mephitic Cloud           Conj/Pois/Air  9%         N/A       22%         3
 Airstrike                Air            8%         2d(2-18)  32%         4


Dungeon Overview and Level Annotations

Branches:
Dungeon (3/15)

Altars:

Shops:
D:2 ?


Innate Abilities, Weirdness & Mutations

You cannot wear most types of armour.
You are amphibious.
You can wear up to eight rings at the same time.
Your skin blends seamlessly with your surroundings (Stealth++).
Your rubbery body absorbs attacks. (AC +1, EV +1)
((You are camouflaged when in or above water. (Stealth+)))
You have tentacles for arms and can constrict up to eight enemies at once.
You passively map a small area around you.
You are robust. (+10% HP)


Message History

Aiming: Shock (safe; 5% risk of failure)
Press: ? - help, Shift-Dir - straight line, f/p - orc priest
Aim: an orc priest, wielding a +0 club and wearing a +1 ring mail of poison resistance (moderately wounded, 72% to hit)
The zap misses the orc priest.
You closely miss the orc priest. Your grab misses the orc priest.
The orc priest is moderately wounded.
The orc closely misses you.
The orc priest invokes the aid of Beogh against you.
Beogh smites you! The orc barely misses you.
You puncture the orc priest!
You kill the orc priest!
The orc closely misses you. The orc hits you with a +0 flail.
You puncture the orc!
You kill the orc!
The orc hits you with a +0 flail! The orc hits you with a +0 flail.
* * * LOW HITPOINT WARNING * * *
The orc hits you with a +0 club.
* * * LOW HITPOINT WARNING * * *
You climb upwards.
There is a stone staircase leading down here.
You barely miss the orc. You grab the orc. You constrict the orc.
The orc misses you. The orc barely misses you.
The hobgoblin closely misses you.
You barely miss the orc. You squeeze the orc.
You kill the orc!
The orc barely misses you. The hobgoblin hits you.
* * * LOW HITPOINT WARNING * * *
You barely miss the orc. You grab the orc. You squeeze the orc.
The orc is heavily wounded.
You constrict the orc. The orc barely misses you.
The hobgoblin closely misses you.
You puncture the orc!
You feel better.
You kill the orc!
The hobgoblin hits you.
* * * LOW HITPOINT WARNING * * *
You hit the hobgoblin. Your grab misses the hobgoblin.
The hobgoblin is almost dead.
The hobgoblin hits you.
You die...

..##########
##.#.######.##
.## #..## #.#
.## #.## #.#
###### ..# #.#
#.# #..... #.#
#.# #.# #[####
..# #.# #.#
#.# #.# #.#
#.# #.# ..#
#g########.#
#.# .##
#)@)....##.#
#.# .#
#######>##.#
#.####
############
#.##.# #.....
#..........#
#(##.# ######
..########.#
#.##.# #
....######.###
###.##.# #
###..........#
#......# #
#..#####.#.#
#.#.#### #
###..# #.#.#
#.#.# #


You could see a hobgoblin.

Vanquished Creatures
  A necrophage (D:2)
  An orc priest (D:3)
  An orc wizard (D:3)
  3 gnolls (D:2)
  An adder (D:2)
  3 orcs
  3 bats
  5 endoplasms
  4 goblins
  2 hobgoblins
  4 jackals (D:1)
  5 kobolds
  2 quokkas (D:1)
  2 ball pythons (D:1)
  A frilled lizard (D:2)
  A rat (D:1)
39 creatures vanquished.

Notes
Turn   | Place    | Note
-------+----------+-------------------------------------------
     0 | D:1      | valliere the Octopode Air Elementalist began the quest for
                  | the Orb.
     0 | D:1      | Reached XP level 1. HP: 11/11 MP: 3/3
    80 | D:1      | Gained mutation: You are robust. (+10% HP) [potion of
                  | mutation]
    80 | D:1      | Gained mutation: You have hidden genetic potential. [potion
                  | of mutation]
   207 | D:1      | Reached XP level 2. HP: 18/18 MP: 3/5
   237 | D:1      | Reached skill level 3 in Stealth
   240 | D:1      | Gained mutation: You passively map a small area around you.
                  | [hidden potential]
  1077 | D:1      | Reached XP level 3. HP: 23/23 MP: 1/6
  1251 | D:2      | Gained mutation: Your skin blends seamlessly with your
                  | surroundings (Stealth++). [hidden potential]
  1251 | D:2      | Lost mutation: You have hidden genetic potential. [hidden
                  | potential expressed]
  1273 | D:2      | Identified 3 scrolls of acquirement
  1273 | D:2      | Acquired the +10 rapier "Gerom" {vamp, Dex+3}
  1276 | D:2      | Acquired 763 gold pieces
  1278 | D:2      | Acquired a book of Vapours
  1481 | D:2      | Noticed a necrophage
  1483 | D:2      | Killed a necrophage
  1484 | D:2      | Reached skill level 1 in Short Blades
  1484 | D:2      | Reached XP level 4. HP: 29/29 MP: 7/7
  1583 | D:2      | Acquired the +9 hand crossbow of Pathra {freeze, rC++
                  | Str+2}
  1639 | D:2      | Reached skill level 4 in Stealth
  1642 | D:2      | Reached XP level 5. HP: 24/34 MP: 6/8
  1644 | D:2      | Reached skill level 1 in Transmutations
  1869 | D:2      | Found Doddoiw's Magic Scroll Shoppe.
  1874 | D:2      | Bought a scroll of identify for 28 gold pieces
  1874 | D:2      | Bought a scroll of enchant armour for 105 gold pieces
  1874 | D:2      | Bought a scroll of identify for 28 gold pieces
  1874 | D:2      | Bought a scroll of fear for 56 gold pieces
  1874 | D:2      | Bought a scroll of amnesia for 56 gold pieces
  1874 | D:2      | Bought a scroll of blinking for 105 gold pieces
  2008 | D:2      | Slain by a hobgoblin

Illustrated notes

Levels and vault maps discovered:
D:1:      dpeg_arrival_boxes_within_box, layout_basic
D:2:      layout_loops_ring, serial_shops, shop, nicolae_kite_square_tiling_tiny
D:3:      layout_rooms, okawaru_metal_pillars_3, ebering_ecumenical_altar_rust

Skill      XL: |  1  2  3  4  5 |
---------------+----------------+-----
Stealth        | 3 4 |  4.6
Short Blades   | 1 |  1.9
Transmutations | 1 |  1.2
Dodging        | |  2.7
Spellcasting   | |  2.6
Conjurations   | |  1.4
Air Magic      | |  3.6

Action                     |  1- 3 |  4- 6 || total
---------------------------+-------+-------++-------
  Melee: Short sword       |    12 |       ||    12
         Unarmed           |     3 |       ||     3
         Constrict         |     4 |     5 ||     9
         Tentacles         |     2 |     5 ||     7
         Rapier            |     5 |    15 ||    20
   Cast: Shock             |    33 |    16 ||    49
    Use: Potion            |     1 |       ||     1
         Scroll            |     3 |     2 ||     5
   Stab: Sleeping          |     2 |       ||     2
  Dodge: Dodged            |    10 |    13 ||    23

Table legend: (Time is in decaauts)
 A = Elapsed time spent in this place.
 B = Non-inter-level travel time spent in this place.
 C = Inter-level travel time spent in this place.
 D = Time resting spent in this place.
 E = Time spent auto-exploring this place.
 F = Levels seen in this place.
 G = Mean time per level.
                   A        B        C        D        E       F      G
               +--------+--------+--------+--------+--------+-----+--------+
         Total |   2008 |   1903 |    105 |      0 |   1699 |   3 |  669.3 |
       Dungeon |   2008 |   1903 |    105 |      0 |   1699 |   3 |  669.3 |
               +--------+--------+--------+--------+--------+-----+--------+

Top non-repeatable levels by time:
     D:1: 1235 daAuts
     D:2: 759 daAuts
     D:3: 14 daAuts
